 Dungeon Crawl Stone Soup version 0.29-a0-418-gc0181ea820 (webtiles) character file.

Game seed: 15901980317811483211

1246 Pelinal the Covert (level 8, -11/52 HPs)
             Began as a Merfolk Ice Elementalist on May 17, 2022.
             Was an Initiate of Ashenzari.
             Mangled by a boulder beetle (30 damage)
             ... on level 6 of the Dungeon.
             The game lasted 00:14:35 (6934 turns).

Pelinal the Covert (Merfolk Ice Elementalist)       Turns: 6934, Time: 00:14:36

Health: -11/52     AC:  2    Str:  8    XL:     8   Next: 50%
Magic:  9/11       EV: 13    Int: 15    God:    Ashenzari [......]
Gold:   318        SH:  0    Dex: 16    Spells: 2/11 levels left

rFire   . . .      SeeInvis .   h - +0 spear
rCold   . . .      Faith    .   (no shield)
rNeg    . . .      Spirit   .   a - +0 robe
rPois   .          Reflect  .   (no helmet)
rElec   .          Harm     .   (no cloak)
rCorr   .          Rampage  .   (no gloves)
Will    .....                   (no boots)
Stlth   ++++......              y - amulet of magic regeneration
HPRegen 0.17/turn               (no ring)
MPRegen 0.52/turn               (no ring)

@: no status effects
A: (nimble swimmer 2), mertail
a: Renounce Religion


You were on level 6 of the Dungeon.
You worshipped Ashenzari.
Ashenzari was noncommittal.
You visited 2 branches of the dungeon, and saw 7 of its levels.

You collected 352 gold pieces.
You spent 34 gold pieces at shops.

Inventory:

Hand Weapons
 c - a +0 dagger
 h - a +0 spear (weapon)
 q - a +0 hunting sling
Missiles
 d - 180 stones (quivered)
 s - 2 boomerangs
 u - 6 atropa-tipped darts
Armour
 a - a +0 robe (worn)
 f - a +0 leather armour
Jewellery
 y - an amulet of magic regeneration (around neck)
Scrolls
 g - 3 scrolls of identify
 i - 2 scrolls of immolation {unknown}
 j - 3 scrolls of teleportation {unknown}
 l - a scroll of enchant armour {unknown}
 m - 2 scrolls of fear {unknown}
 p - 5 scrolls of blinking {unknown}
 x - a scroll of noise {unknown}
Potions
 b - 3 potions of magic
 e - 2 potions of curing
 k - a potion of might {unknown}
 n - a potion of ambrosia {unknown}
 r - a potion of lignification {unknown}
 v - a potion of mutation {unknown}
 w - a potion of flight {unknown}


   Skills:
 - Level 2.5 Polearms
 + Level 0.0 Throwing
 - Level 4.0 Dodging
 - Level 9.0 Stealth
 - Level 2.0 Spellcasting
 - Level 8.0 Ice Magic


You had 2 spell levels left.
You knew the following spells:

 Your Spells              Type           Power      Damage    Failure   Level
a - Freeze                Ice            100%       1d11      1%          1
b - Frozen Ramparts       Ice            50%        1d7       2%          3
c - Ozocubu's Armour      Ice            25%        N/A       2%          3
d - Wereblood             Tmut           1%         N/A       32%         2

Your spell library contained the following spells:

 Spells                   Type           Power      Damage    Failure   Level
 Beastly Appendage        Tmut           2%         N/A       22%         1
 Hailstorm                Conj/Ice       13%        3d5       38%         4
 Call Canine Familiar     Summ           1%         N/A       54%         3
 Dazzling Flash           Conj/Hex       2%         N/A       54%         3
 Portal Projectile        Hex/Tloc       2%         N/A       54%         3
 Spider Form              Tmut/Pois      1%         N/A       54%         3
 Iskenderun's Mystic Bla  Conj/Tloc      1%         2d3       91%         4
 Leda's Liquefaction      Hex/Erth       0%         N/A       91%         4
 Starburst                Conj/Fire      0%         6d3       100%        6


Dungeon Overview and Level Annotations

Branches:
Dungeon (6/15)             Temple (1/1) D:5

Altars:
Ashenzari
Cheibriados
Dithmenos
Elyvilon
Fedhas
Hepliaklqana
Kikubaaqudgha
Makhleb
Nemelex Xobeh
Okawaru
Qazlal
Sif Muna
Trog
Uskayaw
Wu Jian
Xom
Yredelemnul
Zin
The Shining One

Shops:
D:2 (

Annotations:
D:4 exclusions: ice beast, lemure and 2 more exclusions
D:5 1 runed translucent door, Eringya's ghost, amateur OpCj


Innate Abilities, Weirdness & Mutations

((You are very nimble when in or above water. (Stealth+, EV+, Speed+++)))
Your lower body shifts to a powerful aquatic tail in water.


Message History

Unknown command.
You hit the ogre.
The ogre is almost dead.
Unknown command.
You hit the ogre but do no damage. You punch the ogre, but do no damage.
The ogre is almost dead.
The wall freezes the ogre.
The ogre hits you with a +0 giant spiked club!!
Ouch! That really hurt!
Unknown command.
Casting: Frozen Ramparts (dangerous; 2% risk of failure)
Confirm with . or Enter, or press ? or * to list all spells.
Aiming: Freeze (safe; 1% risk of failure)
Press: ? - help, Shift-Dir - straight line, f - ogre
Aim: an ogre, wielding a +0 giant spiked club (almost dead)
You freeze the ogre!
You kill the ogre!
The frozen ramparts melt away.
Your Polearms skill increases to level 2!
Your Dodging skill increases to level 4!
Throw: 2 darts (poison)
Press: ? - help, Q - select action, (/) - cycle Shift-Dir - straight line, f - boulder beetle
Aim: a boulder beetle (severely wounded, 89% to hit)
You throw a poisoned dart.
The poisoned dart hits the boulder beetle.
The boulder beetle is poisoned.
The boulder beetle is severely wounded.
The boulder beetle curls into a ball and begins rolling!
Throw: dart (poison)
Press: ? - help, Q - select action, (/) - cycle Shift-Dir - straight line, f/p - boulder beetle
Aim: a boulder beetle (severely wounded, rolling, poisoned, 89% to hit)
You throw a poisoned dart.
The poisoned dart hits the boulder beetle.
The boulder beetle looks even sicker.
The boulder beetle is severely wounded.
Your icy armour will break if you move.
Continue?
Your icy armour cracks and falls away as you move.
The boulder beetle hits you!!
Ouch! That really hurt!
You die...

#$# .# .. ...
.. .. .(. .
#. #.#.# #.
##°#. #. .°.
#. #○#
#.###°###.#
#.@B○...).#
#######.#####
#.......#
#.####### #.#
#.########
#........#
########.#
#.#


You could see a boulder beetle (rolling, very poisoned).

Vanquished Creatures
  A steam dragon (D:6)
  A water moccasin (D:5)
  An ice beast (D:5)
  An ogre (D:6)
  2 necrophages (D:5)
  A bullfrog (D:6)
  A scorpion (D:4)
  3 wights (D:5)
  5 hounds
  An orc priest (D:3)
  2 iguanas (D:5)
  An orc wizard (D:6)
  Robin (D:3)
  4 adders
  3 gnolls
  2 white imps
  3 worms
  2 dart slugs
  12 orcs
  9 ball pythons
  9 bats
  8 endoplasms
  5 giant cockroaches
  7 goblins
  12 hobgoblins
  9 kobolds
  A quokka (D:2)
  6 frilled lizards
  6 rats
119 creatures vanquished.

Notes
Turn   | Place    | Note
-------+----------+-------------------------------------------
     0 | D:1      | Pelinal the Merfolk Ice Elementalist began the quest for
                  | the Orb.
     0 | D:1      | Reached XP level 1. HP: 13/13 MP: 3/3
   183 | D:1      | Reached XP level 2. HP: 4/19 MP: 0/5
   667 | D:1      | Reached skill level 5 in Ice Magic
   995 | D:1      | Noticed an eye of devastation
  1001 | D:1      | Reached XP level 3. HP: 22/24 MP: 3/6
  1032 | D:1      | Noticed a floating eye
  1034 | D:1      | Found a faded altar of an unknown god.
  1035 | D:1      | Noticed a shining eye
  1035 | D:1      | Noticed a great orb of eyes
  1666 | D:1      | Learned a level 3 spell: Frozen Ramparts
  1853 | D:2      | Reached XP level 4. HP: 30/30 MP: 2/7
  2062 | D:2      | Learned a level 3 spell: Ozocubu's Armour
  2223 | D:2      | Found Ipsul's Antique Weapon Emporium.
  2424 | D:2      | Bought a hunting sling for 34 gold pieces
  2606 | D:3      | Noticed Robin
  2615 | D:3      | Killed Robin
  2620 | D:3      | Reached XP level 5. HP: 35/35 MP: 2/8
  2726 | D:3      | Found a basalt altar of Yredelemnul.
  4166 | D:4      | Noticed a lemure
  4182 | D:4      | Noticed an ice beast
  4379 | D:4      | Reached XP level 6. HP: 35/41 MP: 7/9
  4565 | D:4      | Reached skill level 3 in Stealth
  5031 | D:5      | Entered Level 5 of the Dungeon
  5152 | D:5      | Reached skill level 4 in Stealth
  5159 | D:5      | Reached skill level 5 in Stealth
  5159 | D:5      | Reached XP level 7. HP: 36/46 MP: 4/10
  5399 | D:5      | Reached skill level 6 in Stealth
  5540 | D:5      | Reached skill level 7 in Stealth
  5691 | D:5      | HP: 2/46 [ice beast (10)]
  5699 | D:5      | Reached skill level 8 in Stealth
  5699 | D:5      | Reached XP level 8. HP: 15/52 MP: 9/11
  6079 | D:5      | Learned a level 2 spell: Wereblood
  6707 | D:5      | Found a runed translucent door.
  6708 | D:5      | Noticed Eringya's ghost (amateur OpCj)
  6728 | D:5      | Found a staircase to the Ecumenical Temple.
  6737 | Temple   | Entered the Ecumenical Temple
  6783 | Temple   | Became a worshipper of Ashenzari the Shackled
  6906 | D:6      | Noticed a boulder beetle
  6919 | D:6      | Reached skill level 9 in Stealth
  6926 | D:6      | Reached skill level 1 in Polearms
  6934 | D:6      | Mangled by a boulder beetle

Illustrated notes

Levels and vault maps discovered:
D:1:      dpeg_arrival_arbitrary_c, layout_basic,
          hellmonk_ecumenical_altar_watching_god, st_stairs_3,
          minmay_misc_feat_cross
D:2:      layout_rooms, serial_shops, nicolae_shop_advertising_works
          [nicolae_subvault_shop_adworks]
D:3:      layout_loops_ring, lemuel_coloured_pillars_altar,
          portal_sewer_entry_b, minmay_misc_feat_room, dk_noncrumbling_2,
          uniq_robin
D:4:      layout_cave_pools, serial_park_tiny_pond,
          nicolae_figureground_sparkle, uniq_pikel
D:5:      layout_basic, temple_statues, gammafunk_ghost_grave
D:6:      cheibrodos_fzero, layout_loops_ring, uniq_duvessa, uniq_sigmund
Temple:   kilobyte_greek_temple

Skill      XL: |  1  2  3  4  5  6  7  8 |
---------------+-------------------------+-----
Ice Magic      | 5 6 8 |  8.0
Stealth        | 5 8 9 |  9.0
Dodging        | 4 |  4.0
Polearms       | 2 |  2.5
Spellcasting   | |  2.0

Action                   |  1- 3 |  4- 6 |  7- 9 || total
-------------------------+-------+-------+-------++-------
Melee: Unarmed           |     9 |       |       ||     9
       Dagger            |     8 |    16 |       ||    24
       Spear             |       |    12 |    89 ||   101
       Punch             |       |     2 |     1 ||     3
 Fire: Hunting sling     |       |   117 |       ||   117
Throw: Dart              |       |       |     3 ||     3
 Cast: Freeze            |    49 |    46 |     8 ||   103
       Frozen Ramparts   |       |    10 |     7 ||    17
       Ozocubu's Armour  |       |     3 |     8 ||    11
Evoke: Wand              |       |     2 |    23 ||    25
  Use: Scroll            |       |     1 |       ||     1
       Potion            |       |     1 |     1 ||     2
 Stab: Sleeping          |     1 |     4 |     1 ||     6
Armor: Robe              |    17 |     6 |    30 ||    53
Dodge: Dodged            |    32 |    69 |    64 ||   165

Table legend: (Time is in decaauts)
 A = Elapsed time spent in this place.
 B = Non-inter-level travel time spent in this place.
 C = Inter-level travel time spent in this place.
 D = Time resting spent in this place.
 E = Time spent auto-exploring this place.
 F = Levels seen in this place.
 G = Mean time per level.
                   A        B        C        D        E       F      G
               +--------+--------+--------+--------+--------+-----+--------+
         Total |   6995 |   6739 |    256 |   2287 |   2948 |   7 |  999.3 |
       Dungeon |   6915 |   6693 |    222 |   2287 |   2911 |   6 | 1152.5 |
        Temple |     80 |     46 |     34 |      0 |     37 |   1 |   80.0 |
               +--------+--------+--------+--------+--------+-----+--------+

Top non-repeatable levels by time:
     D:5: 1761 daAuts
     D:1: 1757 daAuts
     D:3: 1599 daAuts
     D:4: 988 daAuts
     D:2: 738 daAuts
  Temple: 80 daAuts
     D:6: 70 daAuts
